 Dungeon Crawl Stone Soup version 0.31-a0-18-gea43df2a32 (webtiles) character file.

Game seed: 3567180365062054189

2332 pk666 the Thaumaturge (level 9, -1/45 HPs)
             Began as a Deep Elf Hedge Wizard on May 12, 2023.
             Was an Initiate of Vehumet.
             Slain by an iguana (4 damage)
             ... on level 6 of the Dungeon.
             The game lasted 00:21:17 (7619 turns).

pk666 the Thaumaturge (Deep Elf Hedge Wizard)       Turns: 7619, Time: 00:21:17

Health: -1/45      AC:  4    Str:  7    XL:     9   Next: 19%
Magic:  15/24      EV: 13    Int: 24    God:    Vehumet [......]
Gold:   361        SH:  0    Dex: 14    Spells: 21/27 levels left

rFire   + . .        u - +2 whip (freeze)
rCold   + . .        (no shield)
rNeg    . . .        b - +0 robe
rPois   +            c - +0 hat
rElec   +            r - +0 cloak
rCorr   +            (no gloves)
SInv    .            a - +0 pair of boots
Will    .....        (no amulet)
Stlth   ++           (no ring)
HPRegen 0.27/turn    (no ring)
MPRegen 0.19/turn

%: no passive effects
@: lethally poisoned (-1 -> -9), resistant, on blink cooldown
A: no striking features
a: Renounce Religion


You were on level 6 of the Dungeon.
You worshipped Vehumet.
Vehumet was noncommittal.
You visited 2 branches of the dungeon, and saw 7 of its levels.

You collected 361 gold pieces.

Inventory:

Hand Weapons
 p - a +3 dagger
 u - a +2 whip of freezing (weapon)
Armour
 a - a +0 pair of boots (worn)
 b - a +0 robe (worn)
 c - a +0 hat (worn)
 j - a +2 pair of boots
 r - a +0 cloak (worn)
Wands
 d - a wand of polymorph (5)
 k - a wand of digging (6)
Scrolls
 e - a scroll of noise {unknown}
 g - 2 scrolls of blinking {unknown}
 h - 3 scrolls of teleportation
 i - 2 scrolls of amnesia {unknown}
 m - a scroll of immolation {unknown}
 o - 3 scrolls of silence
 s - a scroll of magic mapping {unknown}
 v - a scroll of vulnerability {unknown}
 w - 4 scrolls of poison {unknown}
 x - a scroll of identify
Potions
 f - 2 potions of berserk rage
 n - a potion of invisibility
 q - a potion of lignification {unknown}
 t - a potion of attraction {unknown}
 z - 2 potions of resistance


   Skills:
 + Level 3.6 Dodging
 - Level 2.4 Stealth
 + Level 9.9 Spellcasting
 + Level 7.5 Conjurations
 - Level 1.1 Summonings
 - Level 4.0 Translocations
 - Level 4.0 Air Magic
 - Level 5.0 Poison Magic


You had 21 spell levels left.
You knew the following spells:

 Your Spells              Type           Power      Damage    Failure   Level
a - Magic Dart            Conj           100%       1d8       1%          1
b - Blink                 Tloc           62%        N/A       1%          2
c - Mephitic Cloud        Conj/Pois/Air  38%        N/A       1%          3

Your spell library contained the following spells:

 Spells                   Type           Power      Damage    Failure   Level
 Cigotuvi's Dreadful Rot  Necr/Pois/Air  52%        N/A       2%          2
 Call Imp                 Summ           34%        N/A       4%          2
 Slow                     Hex            44%        N/A       5%          1
 Inner Flame              Hex/Fire       11%        N/A       16%         3
 Yara's Violent Unravell  Hex/Tmut       5%         3d4       83%         5
 Enfeeble                 Hex            5%         N/A       100%        7


Dungeon Overview and Level Annotations

Branches:
Dungeon (6/15)             Temple (1/1) D:5

Altars:
Ashenzari
Cheibriados
Dithmenos
Elyvilon
Fedhas
Gozag
Hepliaklqana
Kikubaaqudgha
Makhleb
Nemelex Xobeh
Qazlal
Ru
Sif Muna
Trog
Uskayaw
Vehumet
Wu Jian
Xom
Yredelemnul
Zin
The Shining One

Shops:
D:2 (

Annotations:
D:5 1 runed translucent door, MrClown's ghost, novice DsNe


Message History

The ogre barely misses itself.
The water moccasin attacks as you move away!
The water moccasin bites you.
* * * LOW HITPOINT WARNING * * *
You feel very sick. The water moccasin barely misses you.
You hear a shout!
You feel better.
You hear an angry growl.
The water moccasin bites you.
An iguana comes into view.
The water moccasin barely misses you.
You hear a shout!
There is an open door here.
You barely miss the iguana.
You hear an angry growl.
The water moccasin completely misses you.
The iguana barely misses you. Vehumet accepts your kill.
You feel a bit more experienced. The iguana attacks as you move away!
The iguana bites you.
The water moccasin attacks as you move away!
The water moccasin bites you.
* * * LOW HITPOINT WARNING * * *
The water moccasin bites you.
* * * LOW HITPOINT WARNING * * *
You are lethally poisoned!
The water moccasin poisons you!
Casting: Magic Dart (safe; 1% risk of failure)
Confirm with . or Enter, or press ? or * to list all spells.
You blink.
* * * LOW HITPOINT WARNING * * *
You feel very sick.
You hear an angry growl.
It was a potion of resistance.
You feel protected.
* * * LOW HITPOINT WARNING * * *
You feel very sick. The iguana bites you.
You die...

..#<.#..####..#
#......## ##.#
..####.# #.#### .#
#.#. #....## .
#.##F ####..# #..
#F###)##.# .##
#o'...#.#
##?/h'###o##.###.#
#:.Oh #.#'#@.....#
#$)K #.Sfl.####.#
#/. #.##### ## #.#
.## .# .# ##


You could see a water moccasin, a sleepcap and an iguana.

Vanquished Creatures
  A two-headed ogre (D:5)
  Pikel (D:4)
  A troll (D:5)
  2 black bears (D:5)
  An ogre (D:6)
  A phantom (D:5)
  A gnoll sergeant (D:5)
  3 scorpions
  A howler monkey (D:5)
  3 hounds
  An orc priest (D:6)
  2 iguanas (D:5)
  An orc wizard (D:6)
  10 gnolls
  6 adders
  A white imp (D:6)
  An ufetubus (D:6)
  3 worms
  A dart slug (D:4)
  18 orcs
  6 ball pythons
  3 bats
  6 endoplasms
  3 giant cockroaches
  9 goblins
  3 hobgoblins
  9 kobolds
  6 quokkas
  A frilled lizard (D:2)
  3 rats
108 creatures vanquished.

Notes
Turn   | Place    | Note
-------+----------+-------------------------------------------
     0 | D:1      | pk666 the Deep Elf Hedge Wizard began the quest for the
                  | Orb.
     0 | D:1      | Reached XP level 1. HP: 10/10 MP: 7/7
    50 | D:1      | Found a faded altar of an unknown god.
   282 | D:1      | Reached XP level 2. HP: 15/15 MP: 0/9
   359 | D:1      | Learned a level 2 spell: Blink
  1442 | D:2      | Reached XP level 3. HP: 19/19 MP: 8/11
  1542 | D:2      | Found Fuujyibesa's Weapon Shop.
  1635 | D:2      | Reached skill level 5 in Spellcasting
  2616 | D:3      | Reached XP level 4. HP: 11/24 MP: 7/13
  3603 | D:4      | Noticed a lemure
  3603 | D:4      | Noticed a lemure
  3603 | D:4      | Noticed a lemure
  3604 | D:4      | Noticed Pikel
  3619 | D:3      | Learned a level 3 spell: Mephitic Cloud
  3725 | D:4      | Noticed a lemure
  3731 | D:4      | Killed Pikel
  3732 | D:4      | Reached skill level 6 in Spellcasting
  3732 | D:4      | Reached XP level 5. HP: 6/28 MP: 7/15
  3732 | D:4      | Reached XP level 6. HP: 7/32 MP: 7/17
  3732 | D:4      | Reached XP level 7. HP: 8/36 MP: 7/18
  4842 | D:5      | Entered Level 5 of the Dungeon
  5100 | D:5      | Found an ornate altar of the Wu Jian Council.
  5143 | D:5      | Found a runed translucent door.
  5143 | D:5      | Noticed MrClown's ghost (novice DsNe)
  5278 | D:5      | Reached skill level 7 in Spellcasting
  5278 | D:5      | Reached XP level 8. HP: 41/41 MP: 4/20
  5456 | D:5      | Found a staircase to the Ecumenical Temple.
  5465 | Temple   | Entered the Ecumenical Temple
  5472 | Temple   | Became a worshipper of Vehumet
  5852 | D:5      | Reached skill level 5 in Poison Magic
  5908 | D:5      | Found a shadowy altar of Dithmenos.
  5908 | D:5      | Noticed a two-headed ogre
  6100 | D:5      | Killed a two-headed ogre
  6101 | D:5      | Reached skill level 9 in Spellcasting
  6863 | D:5      | Found an opulent altar of Gozag.
  6863 | D:5      | Noticed a troll
  7007 | D:5      | Killed a troll
  7008 | D:5      | Reached XP level 9. HP: 45/45 MP: 1/24
  7619 | D:6      | Slain by an iguana

Illustrated notes

Levels and vault maps discovered:
D:1:      heliophobic_arrival_dark_side_of_the_moon, layout_loops_ring,
          basic_ecumenical_altar
D:2:      layout_loops_ring, serial_shops, nicolae_shop_bloodbath_and_beyond
D:3:      layout_loops_ring
D:4:      wad_river_or_something, layout_basic, minmay_misc_feat_doors,
          kennysheep_flooded_box, minivault_25, uniq_pikel
D:5:      layout_loops_ring, pdpol_wu_jian_five_deadly_venoms,
          minmay_temple_entry_glass, hellmonk_ghost_happy_afterlife,
          serial_bayou_pond_e, hangedman_feature_mirror, minivault_26,
          kennysheep_big_empty_room, minmay_small_thing
D:6:      layout_loops_ring, gammafunk_ghost_arena, minmay_joined_circles
Temple:   nicolae_temple_bog_church

Skill      XL: |  1  2  3  4  5  6  7  8 |
---------------+-------------------------+-----
Translocations | 2 3 4 |  4.0
Conjurations   | 2 3 4 7 |  7.5
Spellcasting   | 5 6 7 9 |  9.9
Air Magic      | 2 4 |  4.0
Poison Magic   | 3 4 5 |  5.0
Dodging        | 3 |  3.6
Stealth        | |  2.4
Summonings     | |  1.1

Action                     |  1- 3 |  4- 6 |  7- 9 || total
---------------------------+-------+-------+-------++-------
  Melee: Dagger            |     2 |    10 |       ||    12
         Whip              |       |       |    16 ||    16
   Cast: Magic Dart        |   121 |    70 |   258 ||   449
         Mephitic Cloud    |       |       |    27 ||    27
         Blink             |       |       |     2 ||     2
    Use: Potion            |       |     2 |     3 ||     5
         Scroll            |       |       |     4 ||     4
   Stab: Confused          |       |       |     4 ||     4
 Armour: Robe              |     4 |     8 |    11 ||    23
         Skin              |       |    42 |       ||    42
  Dodge: Dodged            |    13 |    10 |    44 ||    67

Table legend: (Time is in decaauts)
 A = Elapsed time spent in this place.
 B = Non-inter-level travel time spent in this place.
 C = Inter-level travel time spent in this place.
 D = Time resting spent in this place.
 E = Time spent auto-exploring this place.
 F = Levels seen in this place.
 G = Mean time per level.
                   A        B        C        D        E       F      G
               +--------+--------+--------+--------+--------+-----+--------+
         Total |   7631 |   7293 |    338 |   1587 |   4713 |   7 | 1090.1 |
       Dungeon |   7436 |   7114 |    322 |   1587 |   4559 |   6 | 1239.3 |
        Temple |    194 |    178 |     16 |      0 |    154 |   1 |  194.0 |
               +--------+--------+--------+--------+--------+-----+--------+

Top non-repeatable levels by time:
     D:5: 2301 daAuts
     D:2: 1257 daAuts
     D:4: 1229 daAuts
     D:1: 1223 daAuts
     D:3: 1134 daAuts
     D:6: 290 daAuts
  Temple: 194 daAuts
